 Dungeon Crawl Stone Soup version 0.26.1-11-gd32895ea62 (webtiles) character file.

Game seed: 3769095443817097432

596 Descartes the Grappler (level 7, -3/72 HPs)
             Began as a Troll Chaos Knight on May 19, 2021.
             Was a Plaything of Xom.
             Slain by a polar bear (6 damage)
             ... on level 5 of the Dungeon.
             The game lasted 00:07:17 (3337 turns).

Descartes the Grappler (Troll Chaos Knight)         Turns: 3337, Time: 00:07:17

Health: -3/72      AC:  8    Str: 21    XL:     7   Next: 17%
Magic:  6/6        EV: 10    Int:  9    God:    Xom [......]
Gold:   387        SH:  0    Dex: 10    Spells: 6/6 levels left

rFire    . . .     SeeInvis .     - Unarmed
rCold    . . .     Faith    .   (no shield)
rNeg     . . .     Spirit   .   a - +2 robe
rPois    .         Reflect  .   (helmet restricted)
rElec    .         Harm     .   d - scarf {+Inv}
rCorr    .         Rampage  .   (gloves unavailable)
Will     .....                  (boots unavailable)
Stlth    +.........             (no amulet)
HPRegen  0.62/turn              (no ring)
MPRegen  0.10/turn              (no ring)

@: no status effects
A: large, unfitting armour, claws 3, hooves 1, regeneration 1, robust 1, shaggy
fur 1, tough skin 3, wild magic 1, sturdy frame 1
a: Renounce Religion, Evoke Invisibility


You were on level 5 of the Dungeon.
You worshipped Xom.
You were a very special plaything of Xom.
You visited 1 branch of the dungeon, and saw 5 of its levels.

You collected 387 gold pieces.

Inventory:

Hand Weapons
 l - a +1 rapier of draining
Missiles
 g - 137 stones (quivered)
 h - 44 arrows
 s - 8 boomerangs
 w - 24 bolts
Armour
 a - a +2 robe (worn)
 d - a scarf of invisibility (worn)
 r - a +0 robe of the Archmagi
Jewellery
 i - a cursed ring of attention {unknown}
 t - a cursed amulet of inaccuracy {unknown}
Scrolls
 c - 8 scrolls of identify {unknown}
 e - a scroll of fear {unknown}
 m - a scroll of amnesia {unknown}
 n - 2 scrolls of fog {unknown}
 p - 2 scrolls of magic mapping {unknown}
 q - 2 scrolls of teleportation {unknown}
 x - a scroll of blinking {unknown}
Potions
 b - 3 potions of resistance {unknown}
 f - 3 potions of might {unknown}
 j - 3 potions of curing {unknown}
 k - a potion of invisibility {unknown}
 o - a potion of degeneration {unknown}
 u - a potion of heal wounds {unknown}
 v - a potion of mutation {unknown}
 z - a potion of haste {unknown}


   Skills:
 - Level 2.4 Fighting
 - Level 1.9 Dodging
 + Level 8.3 Unarmed Combat


You had 6 spell levels left.
You didn't know any spells.
Your spell library was empty.

Dungeon Overview and Level Annotations

Branches:
Dungeon (5/15)
 Temple: D:4-7

Altars:
Elyvilon
Kikubaaqudgha
Uskayaw
Xom
Yredelemnul
Beogh


Innate Abilities, Weirdness & Mutations

You are too large for most types of armour.
You have claws for hands.
Your natural rate of healing is unusually fast.
You are covered in fur. (AC +1)
You have extremely tough skin. (AC +3)
You have large cloven feet.
You are robust. (+10% HP)
Your spells are a little harder to cast, but a little more powerful.
Your movements are slightly less encumbered by armour. (ER -2)


Message History

The polar bear closely misses you. The polar bear claws you.
* * * LOW HITPOINT WARNING * * *
You barely miss the polar bear. Your kick misses the polar bear.
The polar bear is heavily wounded.
You claw the polar bear!
The polar bear is severely wounded.
The polar bear goes berserk!
You scratch the polar bear.
You kick the polar bear, but do no damage.
The polar bear is severely wounded.
Xom's power touches on your mind for a moment.
The polar bear looks rather confused.
The polar bear barely misses you. x2
The polar bear claws you but does no damage.
The polar bear rages.
The polar bear closely misses you. The polar bear barely misses you. x2
The polar bear bites you!
* * * LOW HITPOINT WARNING * * *
The polar bear claws you.
You die...
Xom snickers!

###............
##..$............
#...#..#.........
##................
#..#......#......
#.......)........
.............###
#..#...h.(#..#
#......@..(..####..
.....#..#..........
..............###..
.........#.(..#
................
.......##.......#
###.... ......###
......##....# ..
#....#


You could see a polar bear (berserk, confused).

Vanquished Creatures
  A centaur (D:5)
  A bullfrog (D:4)
  Crazy Yiuf (D:3)
  2 orc priests
  Jessica (D:3)
  2 worker ants
  Terence (D:3)
  6 adders
  3 gnolls (D:2)
  An ooze (D:3)
  An adder skeleton (D:5)
  A worm (D:3)
  3 dart slugs
  2 leopard geckos (D:1)
  14 orcs
  2 giant cockroaches (D:1)
  5 goblins
  8 hobgoblins
  2 jackals (D:1)
  13 kobolds
  2 quokkas
  9 bats
  7 frilled lizards
  8 rats
96 creatures vanquished.

Vanquished Creatures (collateral kills)
  A scorpion (D:5)
  An orc wizard (D:4)
  3 orcs
5 creatures vanquished.

Vanquished Creatures (others)
  4 withered plants (D:3)
4 creatures vanquished.

Grand Total: 105 creatures vanquished

Notes
Turn   | Place    | Note
-------+----------+-------------------------------------------
     0 | D:1      | Descartes the Troll Chaos Knight began the quest for the
                  | Orb.
     0 | D:1      | Reached XP level 1. HP: 22/22 MP: 0/0
   149 | D:1      | Reached XP level 2. HP: 26/29 MP: 1/1
   289 | D:1      | Reached skill level 4 in Unarmed Combat
   349 | D:1      | XOM: silly message
   355 | D:1      | Reached XP level 3. HP: 36/36 MP: 2/2
   524 | D:1      | XOM: divination: detect creatures
   849 | D:2      | XOM: enchant monster (good)
  1049 | D:2      | XOM: noise
  1058 | D:2      | XOM: cloud trail
  1113 | D:2      | Reached skill level 5 in Unarmed Combat
  1113 | D:2      | Reached XP level 4. HP: 16/44 MP: 3/3
  1139 | D:2      | XOM: god gift: 17 arrows
  1480 | D:3      | XOM: give mutations
  1480 | D:3      | Gained mutation: Your movements are slightly less
                  | encumbered by armour. (ER -2) [Xom's grace]
  1480 | D:3      | Gained mutation: You are robust. (+10% HP) [Xom's grace]
  1480 | D:3      | Gained mutation: You have large cloven feet. [Xom's grace]
  1480 | D:3      | Gained mutation: Your spells are a little harder to cast,
                  | but a little more powerful. [Xom's grace]
  1494 | D:3      | XOM: confuse monster(s)
  1504 | D:3      | XOM: god gift: 20 stones
  1517 | D:3      | XOM is BORED!
  1517 | D:3      | Found an ancient bone altar of Kikubaaqudgha.
  1517 | D:3      | XOM: 3-stop teleportation journey
  1523 | D:3      | Noticed Jessica
  1523 | D:3      | Noticed Terence
  1523 | D:3      | XOM: god gift: 37 gold pieces
  1526 | D:3      | Killed Terence
  1527 | D:3      | Reached XP level 5. HP: 51/55 MP: 4/4
  1527 | D:3      | Killed Jessica
  1528 | D:3      | Reached skill level 6 in Unarmed Combat
  1596 | D:3      | Found a runed translucent door.
  1597 | D:3      | Noticed Crazy Yiuf
  1613 | D:3      | XOM: noise
  1628 | D:3      | XOM: butterfly on damage
  1632 | D:3      | Killed Crazy Yiuf
  1640 | D:3      | XOM: summons 1 hostile shadow creature
  2055 | D:3      | Reached XP level 6. HP: 60/64 MP: 5/5
  2195 | D:3      | Found a basalt altar of Yredelemnul.
  2201 | D:3      | XOM: silly message
  2255 | D:3      | XOM: silly message
  2410 | D:3      | Found a white marble altar of Elyvilon.
  2467 | D:3      | XOM: silly message
  2650 | D:4      | XOM: cast spell 'Olgreb's Toxic Radiance'
  2653 | D:4      | Reached skill level 7 in Unarmed Combat
  2660 | D:4      | XOM: enchant monster (good)
  2713 | D:4      | XOM: silly message
  2747 | D:4      | XOM: cloud trail
  2750 | D:4      | XOM: god gift: 34 gold pieces
  2935 | D:4      | Found a hide-covered altar of Uskayaw.
  2985 | D:4      | XOM: scenery: create altars
  3168 | D:4      | Found a roughly hewn altar of Beogh.
  3173 | D:4      | XOM: smoke on damage
  3260 | D:5      | Entered Level 5 of the Dungeon
  3272 | D:5      | XOM: cast spell 'Summon Ice Beast'
  3283 | D:5      | Reached skill level 8 in Unarmed Combat
  3283 | D:5      | Reached XP level 7. HP: 53/72 MP: 6/6
  3315 | D:5      | XOM is BORED!
  3315 | D:5      | XOM: 3-stop teleportation journey
  3319 | D:5      | Noticed a polar bear
  3319 | D:5      | an ice beast changed into a polar bear
  3319 | D:5      | XOM: polymorph ice beast -> polar bear
  3320 | D:5      | XOM: torment (30/72 hp)
  3334 | D:5      | XOM: confuse monster(s)
  3337 | D:5      | HP: 3/72 [polar bear (14)]
  3337 | D:5      | Slain by a polar bear

Illustrated notes

Levels and vault maps discovered:
D:1:      dpeg_chamrin_arrival_tetris, layout_basic, minmay_ruptured
D:2:      layout_loops_ring, minmay_door_square, kennysheep_nub,
          palyth_stone_intersect
D:3:      layout_basic, kennysheep_ying_yang, kiku_gazebo_garden_becter,
          uniq_jessica, uniq_crazy_yiuf_cottage, uniq_terence
D:4:      layout_rooms, kennysheep_little_box, solitary_fountain,
          kennysheep_orc_chapel
D:5:      layout_rooms, minmay_misc_feat_plants, uniq_edmund

Skill      XL: |  1  2  3  4  5  6 |
---------------+-------------------+-----
Unarmed Combat | 4 5 6 8 |  8.3
Fighting       | |  2.4
Dodging        | |  1.9

Action                   |  1- 3 |  4- 6 |  7- 9 || total
-------------------------+-------+-------+-------++-------
Melee: Unarmed           |   135 |   106 |    15 ||   256
       Punch             |     1 |     3 |       ||     4
       Kick              |       |    24 |     3 ||    27
 Stab: Sleeping          |     2 |       |       ||     2
       Petrifying        |     1 |       |       ||     1
Armor: Robe              |    81 |    35 |    21 ||   137
Dodge: Dodged            |    84 |    51 |    13 ||   148
